 Dungeon Crawl Stone Soup version 0.19.4-9-g45fd643 (webtiles) character file.

92 Rrauwl the Cutter (level 4, 0/31 HPs)
             Began as a Halfling Berserker on Feb 22, 2017.
             Was a Believer of Trog.
             Slain by an orc
             ... wielding a +5 flail
              (12 damage)
             ... on level 3 of the Dungeon.
             The game lasted 00:09:07 (2012 turns).

Rrauwl the Cutter (Halfling Berserker)              Turns: 2012, Time: 00:09:08

Health: 0/31       AC:  3    Str: 17 (18) XL:     4   Next: 90%
Magic:  4/4        EV: 15    Int:  3 (5)  God:    Trog [**....]
Gold:   119        SH:  0    Dex: 11 (14) Spells: 0 memorised, 3 levels left

rFire  . . .     SeeInvis .     a - +0 short sword
rCold  . . .     Gourm    .     b - +0 animal skin
rNeg   . . .     Faith    .     (shield restricted)
rPois  .         Spirit   .     h - +0 helmet
rElec  .         Reflect  .     (no cloak)
rCorr  .         Harm     .     (no gloves)
MR     .....                    (no boots)
Stlth  +.........               (no amulet)
                                (no ring)
                                (no ring)

@: no status effects
A: mutation resistance 1
a: Berserk, Trog's Hand, Burn Spellbooks, Renounce Religion


You were on level 3 of the Dungeon.
You worshipped Trog.
Trog was pleased with you.
You were not hungry.

You visited 1 branch of the dungeon, and saw 3 of its levels.

You collected 119 gold pieces.

Inventory:

Hand Weapons
 a - a +0 short sword (weapon)
 e - a +0 hunting sling
Armour
 b - a +0 animal skin (worn)
 h - a +0 helmet (worn)
Scrolls
 g - a scroll of remove curse
 i - 2 scrolls of identify
Comestibles
 c - 2 bread rations
 d - 3 chunks of flesh
 f - 2 fruits


   Skills:
 - Level 3.0 Fighting
 + Level 4.7 Short Blades
 + Level 1.3 Slings
 - Level 3.0 Armour
 + Level 3.1 Dodging
 + Level 0.2 Stealth


You had 3 spell levels left.
You didn't know any spells.

Dungeon Overview and Level Annotations

Branches:
Dungeon (3/15)

Altars:
Ashenzari
Zin


Innate Abilities, Weirdness & Mutations

You are small and have problems with some larger weapons.
You are somewhat resistant to further mutation.


Message History

i - 2 scrolls of identify (gained 1)
You now have 119 gold pieces (gained 5).
Found a stone staircase leading down.
An orc comes into view. It is wielding an enchanted flail.
The orc shouts!
A goblin comes into view. It is wielding a club.
An adder comes into view.
The goblin shouts!
The orc completely misses you.
You barely miss the orc.
The adder hisses angrily.
You barely miss the orc.
The orc hits you with an enchanted flail!
You hit the orc.
The orc is heavily wounded.
The orc hits you with an enchanted flail!
You hit the orc but do no damage.
The orc is heavily wounded.
The orc hits you with an enchanted flail!
You die...

#........ #......).
#........ #........
#####........
##....>.......
##.............
##########..............
#....So@.......#.....<..
..###.g....#####..).....
.......#### ##.......
..####.## ##...... # ...
##.#### .### #.# .
...###### #.# #..#...##
##.# #......## #..#


You could see an adder, an orc and a goblin.

Vanquished Creatures
  4 adders
  A worm (D:2)
  A dart slug (D:1)
  11 bats
  3 giant cockroaches
  5 hobgoblins
  5 jackals (D:2)
  3 kobolds
  A ball python (D:2)
  8 frilled lizards
  5 goblins (D:2)
  4 rats
51 creatures vanquished.

Notes
Turn   | Place    | Note
-------+----------+-------------------------------------------
     0 | D:1      | Rrauwl the Halfling Berserker began the quest for the Orb.
     0 | D:1      | Reached XP level 1. HP: 15/15 MP: 1/1
    98 | D:1      | Reached XP level 2. HP: 20/20 MP: 2/2
   119 | D:1      | Reached skill level 4 in Short Blades
  1109 | D:2      | Reached XP level 3. HP: 20/25 MP: 3/3
  1147 | D:2      | Reached ** piety under Trog
  1210 | D:2      | Reached XP level 4. HP: 20/30 MP: 4/4
  1673 | D:2      | Reached skill level 1 in Slings
  1698 | D:2      | Found a glowing silver altar of Zin.
  1698 | D:2      | Found a shattered altar of Ashenzari.
  2012 | D:3      | Slain by an orc

Skill      XL: |  1  2  3  4 |
---------------+-------------+-----
Short Blades   | 4 |  4.7
Fighting       | 3 |  3.0
Armour         | 3 |  3.0
Dodging        | 3 |  3.1
Slings         | 1 |  1.3
Stealth        | |  0.2

Action                   |  1- 3 |  4- 6 || total
-------------------------+-------+-------++-------
Melee: Short sword       |    86 |    99 ||   185
Invok: Trog's Hand       |     2 |     2 ||     4
       Berserk           |     1 |       ||     1
  Use: Potion            |     2 |     1 ||     3
       Scroll            |       |     1 ||     1
 Stab: Sleeping          |     2 |       ||     2
  Eat: Fruit             |     1 |       ||     1
       Chunk             |     1 |     4 ||     5
Armor: Animal skin       |    20 |    16 ||    36
Dodge: Dodged            |    83 |    87 ||   170
